AoeStats
← Blazing Cartesia, The Virtuous

Arabia

510230606Analyzed
1v1 RM · 1d ago on Sep 30, 2026· 56m 51s· 2 players
Game mode
Random Map
Map size
Tiny (2 player)
Population
200
Speed
Normal
Resources
Standard
Victory
Conquest
Starting age
Dark Age
Ending age
Imperial Age
RankedLock teamsTeams togetherTeam positionsShared explorationLock speedFull tech treeHidden civsTurbo modeCheats
Victory
Defeat
1249
+15
🇦🇷 Berbers · Argentina
1230
-15
Theviejo
6:45 Loom
9:11 Feudal Age
9:43 Double-Bit Axe
17:21 Horse Collar
21:55 Castle Age
20:41 Gold Mining
21:06 Bloodlines
21:09 Fletching
21:20 Padded Archer Armor
22:37 Bodkin Arrow
23:18 Bow Saw
24:42 Husbandry
27:23 Ballistics
28:02 Scale Barding Armor
28:03 Heavy Plow
31:39 Thumb Ring
33:07 Wheelbarrow
32:48 Leather Archer Armor
33:54 Stone Mining
34:40 Gold Shaft Mining
38:59 Imperial Age
38:05 Chain Barding Armor
37:56 Forging
39:11 Masonry
38:57 Murder Holes
39:07 Heavy Camel Rider
39:48 Bracer
43:43 Heavy Cavalry Archer
44:26 Light Cavalry
45:55 Hand Cart
45:25 Town Watch
45:41 Hussar
49:45 Chemistry
Blazing Cartesia, The Virtuous
5:51 Loom
6:31 Loom
8:55 Feudal Age
9:30 Double-Bit Axe
10:35 Horse Collar
16:56 Wheelbarrow
21:05 Castle Age
20:27 Bloodlines
21:21 Gold Mining
22:25 Bow Saw
22:17 Heavy Plow
22:12 Pikeman
23:00 Scale Mail Armor
25:39 Fletching
25:33 Light Cavalry
26:59 Scale Barding Armor
27:20 Elite Skirmisher
29:00 Husbandry
30:00 Bodkin Arrow
35:52 Ballistics
39:00 Imperial Age
38:53 Masonry
40:11 Siege Engineers
40:09 Bracer
41:43 Hand Cart
43:19 Halberdier
43:54 Town Watch
47:11 Chain Mail Armor
46:57 Padded Archer Armor
48:51 Conscription
50:45 Town Patrol
50:59 Hussar
54:49 Chain Barding Armor
55:57 Thumb Ring
56:42 Corvinian Army
56:37 Capped Ram
Connection lost

Rejoining the realm…

Still unreachable

The connection could not be restored.

Session expired

The server has moved on; the page needs a fresh start.